 Dungeon Crawl Stone Soup version 0.31-a0-239-g0a1456f148 (webtiles) character file.

Game seed: 5524564928906336241

361 qw the Shooter (level 6, 0/37 HPs)
             Began as a Gargoyle Hexslinger on July 11, 2023.
             Was an Initiate of Okawaru.
             Slain by a scorpion (2 damage)
             ... on level 4 of the Dungeon.
             The game lasted 00:01:23 (2912 turns).

qw the Shooter (Gargoyle Hexslinger)                Turns: 2912, Time: 00:01:23

Health: 0/37       AC: 12    Str: 14    XL:     6   Next: 66%
Magic:  7/7        EV: 11    Int: 14    God:    Okawaru [......]
Gold:   248        SH:  0    Dex: 14    Spells: 6/7 levels left

rFire   + . .        g - +0 sling of Lam Kuho {freeze, Drain rElec rPois Str+3}
rCold   . . .        (no shield)
rNeg    + . .        l - +1 leather armour {rF+}
rPois   inf          (no helmet)
rElec   +            (no cloak)
rCorr   .            (no gloves)
SInv    .            (no boots)
Will    .....        (no amulet)
Stlth   +            e - +4 ring of protection
HPRegen 0.26/turn    (no ring)
MPRegen 0.10/turn

%: no passive effects
@: no status effects
A: sickness immunity, AC +4, negative energy resistance 1, electricity
resistance, torment resistance 1, petrification resistance
a: Renounce Religion


You were on level 4 of the Dungeon.
You worshipped Okawaru.
Okawaru was noncommittal.
You visited 1 branch of the dungeon, and saw 4 of its levels.

You collected 248 gold pieces.


Innate Abilities, Weirdness & Mutations

You are immune to sickness and miasma.
Your stone body is resilient. (AC +4)
You are immune to poison.
You resist negative energy. (rN+)
You are resistant to electric shocks. (rElec)
You are resistant to unholy torment.
You are immune to petrification.


   Skills:
 + Level 3.4 Fighting
 - Level 6.1 Ranged Weapons
 - Level 1.5 Dodging
 - Level 1.0 Spellcasting
 - Level 2.6 Hexes


You had 6 spell levels left.
You knew the following spells:

 Your Spells              Type           Power      Damage    Failure   Level
a - Slow                  Hex            32%        N/A       11%         1

Your spell library contained the following spells:

 Spells                   Type           Power      Damage    Failure   Level
 Inner Flame              Hex/Fire       4%         N/A       50%         3
 Portal Projectile        Hex/Tloc       8%         N/A       50%         3
 Cause Fear               Hex            4%         N/A       73%         4

Inventory:

Hand Weapons
 g - the +0 sling of Lam Kuho (weapon) {freeze, Drain rElec rPois Str+3}
   (You found it on level 3 of the Dungeon)

   Str:       It affects your strength (+3).
   rElec:     It insulates you from electricity.
   rPois:     It protects you from poison.
   Drain:     It drains your maximum health when unequipped.
Armour
 l - a +1 leather armour of fire resistance (worn)
Jewellery
 b - a ring of ice
 e - a +4 ring of protection (left hand)
Scrolls
 j - a scroll of identify
 Y - a scroll of enchant armour
Potions
 a - a potion of curing
 f - a potion of enlightenment
 i - 2 potions of might {unknown}

Dungeon Overview and Level Annotations

Branches:
Dungeon (4/15)
 Temple: D:4-7

Altars:
Dithmenos
Okawaru
Vehumet

Shops:
D:1 *


Message History

The sling bullet barely misses the scorpion.
The scorpion barely misses you. Something hits you but does no damage.
The goblin closely misses you. The orc hits you but does no damage.
You shoot a sling bullet.
The sling bullet barely misses the scorpion.
The scorpion stings you but does no damage.
You hear some strange, mumbled words.
A puff of flame appears from out of thin air!
The puff of flame hits you but does no damage.
The orc hits you but does no damage. The goblin barely misses you.
The scorpion stings you but does no damage.
You shoot a sling bullet.
The sling bullet closely misses the scorpion.
The goblin hits you but does no damage. Something hits you.
The orc hits you with a +0 whip. The scorpion stings you.
You shoot a sling bullet.
The sling bullet closely misses the scorpion.
The scorpion stings you but does no damage.
Something barely misses you. The goblin barely misses you. The orc misses you.
You shoot a sling bullet. The sling bullet hits the scorpion.
The sling bullet freezes the scorpion.
The scorpion is severely wounded.
The scorpion stings you but does no damage.
Something hits you. The orc hits you with a +0 whip.
The goblin barely misses you.
The scorpion stings you but does no damage.
You shoot a sling bullet.
The sling bullet closely misses the scorpion.
The goblin hits you but does no damage. Something hits you but does no damage.
The orc hits you but does no damage.
The scorpion stings you but does no damage.
Something hits you but does no damage. The goblin hits you with a +0 club.
The orc hits you but does no damage.
You shoot a sling bullet.
The sling bullet hits the scorpion but does no damage.
The scorpion is severely wounded.
The scorpion stings you but does no damage.
Something hits you. The orc hits you but does no damage.
The goblin hits you but does no damage. The scorpion stings you.
You die...

#.....# ........# #.....#
........# #.....# ........#
#.....# .)......# #.....#######
### ....)...# #.....'...... ..#
........# #.....###.... ..#
......g{########'#<#.### ..#
......s@...........#.#.. ..#
......o)...........#.#.# ..#
#######............#.#..
..####### ##############...#.###
..##....# #.........# #####.#
..##....####.........########.###
%..'......)'.........'.......>...
####....####....)....########.###
...#....# #.........# #.#


You could see a scorpion, an orc and a goblin.

Vanquished Creatures
  3 orc priests
  A sleepcap (D:4)
  Jessica (D:3)
  2 orc wizards (D:4)
  7 adders
  A worm (D:2)
  2 dart slugs (D:1)
  13 orcs
  6 ball pythons
  4 bats
  8 endoplasms
  4 giant cockroaches
  8 hobgoblins
  3 jackals (D:2)
  6 kobolds
  7 frilled lizards
  9 goblins
  3 rats
88 creatures vanquished.

Notes
Turn   | Place    | Note
-------+----------+-------------------------------------------
     0 | D:1      | qw the Gargoyle Hexslinger began the quest for the Orb.
     0 | D:1      | Reached XP level 1. HP: 12/12 MP: 2/2
     0 | D:1      | 0 ||| qw: Version: 0.3-a-52-g30416fa
     0 | D:1      | 0 ||| qw: Game counter: 5932
     0 | D:1      | 0 ||| qw: Melee chars always use a shield: true
     0 | D:1      | 0 ||| qw: God list: Okawaru
     0 | D:1      | 0 ||| qw: Allow faded altars: false
     0 | D:1      | 0 ||| qw: Do Orc after clearing Dungeon:15 true
     0 | D:1      | 0 ||| qw: Do second Lair branch before Depths: true
     0 | D:1      | 0 ||| qw: Lair rune preference: random
     0 | D:1      | 0 ||| qw: Goals: Normal
     0 | D:1      | 0 ||| PLANNING D:1-11
   181 | D:1      | Reached XP level 2. HP: 11/16 MP: 3/3
   181 | D:1      | 181 ||| FLEEEEING.
   182 | D:1      | 182 ||| FLEEEEING.
   183 | D:1      | 183 ||| FLEEEEING.
   184 | D:1      | 184 ||| FLEEEEING.
   185 | D:1      | 185 ||| FLEEEEING.
   186 | D:1      | 186 ||| FLEEEEING.
   187 | D:1      | 187 ||| FLEEEEING.
   192 | D:1      | 192 ||| FLEEEEING.
   193 | D:1      | 193 ||| FLEEEEING.
   194 | D:1      | 194 ||| FLEEEEING.
   195 | D:1      | 195 ||| FLEEEEING.
   197 | D:1      | 197 ||| FLEEEEING.
   198 | D:1      | 198 ||| FLEEEEING.
   308 | D:1      | Found Ciogumok's General Store.
   350 | D:1      | Reached skill level 3 in Ranged Weapons
   427 | D:1      | Found a faded altar of an unknown god.
   628 | D:1      | 628 ||| UPGRADING to +4 ring of protection.
   629 | D:1      | 629 ||| READING scroll labelled GAIR PUDYVUYZA.
   630 | D:1      | 630 ||| READING scroll labelled DOSCHIU OLOLIB.
   631 | D:1      | 631 ||| READING 3 scrolls labelled FEDWAS ZUCSYRAXZI.
   632 | D:1      | 632 ||| READING 2 scrolls of identify.
   632 | D:1      | 632 ||| IDENTIFYING sapphire potion
   633 | D:1      | 633 ||| DROPPING scroll of poison.
   668 | D:2      | Reached XP level 3. HP: 21/21 MP: 4/4
   718 | D:2      | 718 ||| FLEEEEING.
   875 | D:2      | Reached XP level 4. HP: 26/26 MP: 5/5
   899 | D:2      | Reached skill level 4 in Ranged Weapons
  1479 | D:2      | 1479 ||| UPGRADING to +0 ring mail.
  1489 | D:2      | 1489 ||| DROPPING +0 robe.
  1490 | D:2      | 1490 ||| UPGRADING to +1 leather armour of fire resistance.
  1500 | D:2      | 1500 ||| DROPPING +0 ring mail.
  1501 | D:2      | 1501 ||| READING scroll labelled LUSYIV KISITO.
  1502 | D:2      | 1502 ||| DRINKING 2 viscous sapphire potions.
  1554 | D:2      | 1554 ||| READING 2 scrolls of identify.
  1554 | D:2      | 1554 ||| IDENTIFYING dark potion
  1555 | D:2      | 1555 ||| DROPPING potion of degeneration.
  1556 | D:2      | 1556 ||| DROPPING potion of lignification.
  1860 | D:3      | Noticed Jessica
  1863 | D:3      | Killed Jessica
  1864 | D:3      | Reached XP level 5. HP: 30/30 MP: 6/6
  1865 | D:3      | Reached skill level 5 in Ranged Weapons
  1882 | D:3      | 1882 ||| FLEEEEING.
  1884 | D:3      | 1884 ||| FLEEEEING.
  1885 | D:3      | 1885 ||| FLEEEEING.
  1886 | D:3      | 1886 ||| FLEEEEING.
  1888 | D:3      | 1888 ||| FLEEEEING.
  1889 | D:3      | 1889 ||| FLEEEEING.
  1891 | D:3      | 1891 ||| FLEEEEING.
  1892 | D:3      | 1892 ||| FLEEEEING.
  1893 | D:3      | 1893 ||| FLEEEEING.
  2145 | D:3      | Found a shadowy altar of Dithmenos.
  2224 | D:3      | Identified the +0 sling of Lam Kuho {freeze, Drain rElec
                  | rPois Str+3}
  2226 | D:3      | 2226 ||| SWAPPING to +0 sling of Lam Kuho {freeze, Drain
                  | rElec rPois Str+3}.
  2227 | D:3      | 2227 ||| DROPPING +2 sling.
  2228 | D:3      | 2228 ||| READING scroll labelled LIOSTOA TILUFF.
  2232 | D:3      | 2232 ||| READING 2 scrolls labelled ZOKLAY OWOPS.
  2233 | D:3      | 2233 ||| DRINKING 2 orange potions.
  2234 | D:3      | 2234 ||| READING 3 scrolls of identify.
  2234 | D:3      | 2234 ||| IDENTIFYING bubbling white potion
  2235 | D:3      | 2235 ||| READING 2 scrolls of identify.
  2235 | D:3      | 2235 ||| IDENTIFYING yellow potion
  2236 | D:3      | 2236 ||| DROPPING potion of brilliance.
  2298 | D:4      | Reached skill level 3 in Fighting
  2315 | D:4      | Found a radiant altar of Vehumet.
  2351 | D:4      | Found an iron altar of Okawaru.
  2352 | D:4      | 2352 ||| PLANNING OKAWARU WORSHIP
  2363 | D:4      | Became a worshipper of Warmaster Okawaru
  2364 | D:4      | 2364 ||| PLANNING D:1-11
  2380 | D:4      | 2380 ||| Stepping ~*~*~tactically~*~*~ (outnumbered).
  2384 | D:4      | 2384 ||| Stepping ~*~*~tactically~*~*~ (outnumbered).
  2389 | D:4      | Reached XP level 6. HP: 35/37 MP: 7/7
  2621 | D:4      | HP: 6/37 [orc/+0 short sword (4)]
  2622 | D:4      | 2622 ||| DRINKING potion of heal wounds.
  2628 | D:4      | Reached skill level 6 in Ranged Weapons
  2908 | D:4      | HP: 8/37 [scorpion (3)]
  2911 | D:4      | HP: 3/37 [goblin/+0 club (1)]
  2912 | D:4      | Slain by a scorpion

Levels and vault maps discovered:
D:1:      eino_arrival_cavern_b, layout_rooms,
          shapermc_ecumenical_altar_notcrosses, serial_shops,
          nicolae_square_shop, minivault_14
D:2:      layout_basic
D:3:      layout_basic, mainiacjoe_overflow_alcove_1, moated_statue,
          amcnicky_mini_corridor_feature, uniq_jessica
D:4:      layout_basic, fiery_altar_vehumet, kennysheep_okawaru_gauntlet

Skill      XL: |  1  2  3  4  5  6 |
---------------+-------------------+-----
Ranged Weapons | 3 4 5 6 |  6.1
Fighting       | 2 3 |  3.4
Dodging        | |  1.5
Spellcasting   | |  1.0
Hexes          | |  2.6

Action                     |  1- 3 |  4- 6 || total
---------------------------+-------+-------++-------
   Fire: Sling             |   116 |   192 ||   308
    Use: Scroll            |     4 |     6 ||    10
         Potion            |       |     3 ||     3
 Armour: Robe              |    16 |    15 ||    31
         Leather armour    |       |    58 ||    58
  Dodge: Dodged            |    20 |    77 ||    97

Table legend:
 A = Non-vault XP
 B = Vault XP
 C = Vault XP percentage of total XP
 D = Non-vault monster count
 E = Vault monster count
 F = Vault count percentage of total count
                 A         B        C        D         E       F
            +---------+---------+-------+---------+---------+-------
      Total |     475 |      41 |   7.9 |      85 |       3 |   3.4
            +---------+---------+-------+---------+---------+-------
        D:1 |      33 |       0 |   0.0 |      18 |       0 |   0.0
        D:2 |     115 |       0 |   0.0 |      31 |       0 |   0.0
        D:3 |      66 |      37 |  35.9 |      11 |       1 |   8.3
        D:4 |     261 |       4 |   1.5 |      25 |       2 |   7.4
            +---------+---------+-------+---------+---------+-------
